Map: Abiogenesis LE

Players

RandomDreaM

  • Race: Protoss Protoss
  • League: Master
  • Spawn Location: 5:00

LST - Winner!

  • Race: Zerg Zerg
  • League: Diamond
  • Spawn Location: 11:00

VOD

Have the link to the VOD?

Description

Time

  • Played on: April 28, 2018, 12:32 p.m.
  • Length: 13:59
Show
View Real Time Build Order
Export as new Build Order

RandomDreaM Protoss 

Build Orders: Phoenix Opening 

Get SALT Encoding   

  12  0:00  Probe  
  13  0:12  Probe  
  14  0:18  Pylon  
  14  0:24  Probe  
  15  0:38  Gateway  
  15  0:39  Probe  
  16  0:46  Assimilator  
  16  0:48  Probe  
  16  0:56  Probe  
  18  1:05  Probe  
  18  1:08  Gateway  
  19  1:15  Assimilator  
  19  1:25  Cybernetics Core  
  19  1:28  Probe  
  20  1:35  Pylon  
  20  1:40  Probe  
  21  1:52  Probe  
  22  2:02  Adept x2  
  26  2:09  Stargate  
  27  2:22  Pylon  
  26  2:29  Zealot  
  28  2:36  Robotics Facility  
  28  2:52  Phoenix  
  30  3:09  Phoenix  
  28  3:13  Immortal  
  28  3:19  Pylon  
  34  3:34  Probe  
  34  3:35  Phoenix  
  37  3:57  Pylon  
  37  4:00  Immortal  
  41  4:03  Zealot  
  43  4:10  Zealot  
  43  4:12  Phoenix  
  47  4:35  Pylon  
  47  4:40  Zealot  
  47  4:41  Zealot  
  51  4:55  Shield Battery  
  51  4:56  Shield Battery  
  45  5:07  Zealot  
  45  5:10  Phoenix  
  42  5:28  Phoenix  
  42  5:30  Zealot  
  46  5:41  Protoss Air Weapons Level 1  
  38  5:50  Phoenix  
  40  6:01  Immortal  
  44  6:11  Phoenix  
  44  6:12  Pylon  
  46  6:45  Phoenix  
  44  6:52  Immortal  
  44  6:53  Zealot  
  50  7:04  Sentry  
  52  7:18  Phoenix  
  54  7:34  Zealot x2  
  58  7:37  Pylon  
  58  7:54  Pylon  
  58  8:01  Sentry  
  58  8:02  Phoenix  
  62  8:18  Phoenix, Zealot  
  66  8:30  Zealot  
  68  8:41  Pylon  
  68  8:45  Zealot  
  70  8:50  Immortal  
  72  9:16  Phoenix  
  70  9:23  Immortal  
  74  9:34  Pylon  
  74  9:42  Sentry  
  78  9:45  Zealot  
  76  10:00  Observer  
  75  10:08  Phoenix  
  77  10:26  Phoenix  
  79  11:00  Phoenix  
  25  12:09  Phoenix  
  22  13:17  Phoenix  
Show
View Real Time Build Order
Export as new Build Order

LST Zerg - Winner!

Build Orders: Pool First, Lurkers 

Get SALT Encoding   

  12  0:01  Drone  
  13  0:13  Overlord  
  13  0:22  Drone  
  14  0:31  Drone x2  
  16  0:37  Drone  
  17  0:46  Spawning Pool  
  16  0:56  Drone  
  17  1:12  Hatchery  
  17  1:17  Drone  
  17  1:20  Extractor  
  17  1:22  Drone  
  17  1:33  Zergling x4  
  19  1:41  Queen  
  19  1:43  Drone  
  22  1:52  Overlord  
  22  2:16  Queen  
  24  2:25  Metabolic Boost  
  24  2:27  Queen  
  26  2:33  Zergling x2  
  26  2:36  Drone x2  
  28  2:43  Zergling x4  
  29  2:51  Drone x2  
  24  3:21  Drone x2  
  24  3:22  Drone x2  
  24  3:23  Drone x2  
  30  3:27  Lair  
  30  3:28  Drone x2  
  32  3:44  Drone  
  32  3:45  Drone x3  
  35  4:03  Zergling x2  
  35  4:07  Overlord x3  
  36  4:15  Overlord  
  36  4:20  Spore Crawler  
  36  4:23  Spore Crawler  
  34  4:24  Queen  
  34  4:29  Zergling x4  
  38  4:40  Zergling x6  
  38  4:41  Zergling x6  
  44  4:57  Zergling x10  
  41  5:10  Zergling x4  
  40  5:18  Zergling x2  
  40  5:31  Zergling x6  
  41  5:36  Queen  
  41  5:42  Hydralisk Den  
  38  5:51  Drone x4  
  38  5:54  Overlord x3  
  42  6:07  Spore Crawler  
  41  6:12  Overlord x2  
  41  6:16  Hydralisk x2, Grooved Spines  
  45  6:21  Hydralisk x2  
  49  6:26  Extractor  
  49  6:27  Drone x3  
  51  6:36  Queen  
  49  6:47  Drone x4  
  51  6:59  Overlord x2  
  51  7:00  Hydralisk  
  53  7:09  Hydralisk x2  
  57  7:18  Hydralisk  
  55  7:39  Hydralisk x3  
  61  7:49  Drone x7  
  68  8:04  Hydralisk, Drone x2  
  66  8:31  Hydralisk x4  
  74  8:37  Extractor  
  73  8:44  Drone  
  73  8:45  Extractor, Drone x4  
  73  8:46  Drone  
  78  8:59  Hatchery  
  78  9:00  Drone x3  
  76  9:18  Overlord  
  72  9:24  Hydralisk  
  72  9:25  Hydralisk x3  
  80  9:33  Spore Crawler  
  80  9:35  Spore Crawler x2  
  77  9:46  Lurker Den  
  77  9:49  Drone x2  
  77  9:50  Drone x3  
  67  10:12  Drone  
  67  10:13  Drone x8  
  76  10:26  Hydralisk  
  76  10:27  Hydralisk x4  
  86  10:31  Spore Crawler  
  85  10:39  Zergling x6  
  85  10:40  Zergling x4  
  90  10:44  Hydralisk  
  92  10:57  Spine Crawler  
  92  11:03  Hydralisk x3  
  97  11:14  Lurker  
  97  11:16  Overlord  
  97  11:17  Overlord  
  98  11:27  Overlord  
  76  11:50  Hydralisk x6  
  55  12:03  Drone x4  
  45  12:17  Hydralisk  
  45  12:25  Drone x2  
  47  12:37  Hydralisk x2  
  47  12:43  Drone  
  52  12:45  Drone  
  53  13:06  Hydralisk x3  
  59  13:17  Drone x2  
  59  13:18  Drone x2  
  63  13:30  Lurker x3  
  70  13:44  Overseer  
Tags
 
Add a new tag
Caveats
  • Supply blocks, unpowered buildings, or Contaminate may cause inaccurate times.
  • Supply counts are checked every 10 seconds.